 Dungeon Crawl Stone Soup version 0.30-a0-728-gc68057be0a (webtiles) character file.

Game seed: 5971794586799693412

252 BigDaddyOpFi the Trooper (level 6, -1/56 HPs)
             Began as a Hill Orc Fighter on Jan 31, 2023.
             Slain by Duvessa
             ... wielding a +0 short sword
              (15 damage)
             ... on level 4 of the Dungeon.
             The game lasted 00:02:07 (2652 turns).

BigDaddyOpFi the Trooper (Hill Orc Fighter)         Turns: 2652, Time: 00:02:08

Health: -1/56      AC:  9    Str: 21    XL:     6   Next: 14%
Magic:  6/6        EV:  9    Int:  8    God:
Gold:   143        SH:  0    Dex: 10    Spells: 5/5 levels left

rFire   . . .      SeeInvis .    a - +0 war axe
rCold   . . .      Faith    .    c - +0 buckler
rNeg    . . .      Spirit   .    b - +0 scale mail
rPois   .          Reflect  .    (no helmet)
rElec   .          Harm     .    m - +1 cloak
rCorr   .          Rampage  .    (no gloves)
Will    .....                    (no boots) Stlth
                                 (no amulet)
HPRegen 0.29/turn                (no ring)
MPRegen 0.10/turn                (no ring)

@: confused, mighty, ambrosia-drunk
A: no striking features
a: no special abilities


You were on level 4 of the Dungeon.
You visited 1 branch of the dungeon, and saw 4 of its levels.

You collected 143 gold pieces.

Inventory:

Hand Weapons
 a - a +0 war axe (weapon)
 l - a +3 quarterstaff of chaos
Missiles
 h - 3 throwing nets (quivered)
Armour
 b - a +0 scale mail (worn)
 c - a +0 buckler (worn)
 m - a +1 cloak (worn)
Scrolls
 g - 3 scrolls of poison
 i - a scroll of silence
 k - a scroll of teleportation
Potions
 d - 4 potions of might
 j - a potion of lignification {unknown}


   Skills:
 + Level 5.1 Fighting
 + Level 4.7 Axes
 + Level 4.6 Armour
 + Level 4.5 Shields


You had 5 spell levels left.
You didn't know any spells.
Your spell library contained the following spells:

 Spells                   Type           Power      Damage    Failure   Level
 Sting                    Tmut/Pois      0%         1d3       83%         1
 Cigotuvi's Dreadful Rot  Necr/Pois/Air  0%         N/A       92%         2
 Poisonous Vapours        Pois/Air       0%         N/A       92%         2
 Call Canine Familiar     Summ           0%         N/A       99%         3
 Mephitic Cloud           Conj/Pois/Air  0%         N/A       99%         3
 Portal Projectile        Hex/Tloc       0%         N/A       99%         3
 Leda's Liquefaction      Hex/Erth       0%         N/A       100%        4
 Olgreb's Toxic Radiance  Pois           0%         N/A       100%        4


Dungeon Overview and Level Annotations

Branches:
Dungeon (4/15)
 Temple: D:4-7

Altars:

Annotations:
D:4 Duvessa


Message History

You hit Duvessa.
Duvessa is lightly wounded.
You block Duvessa's attack. Duvessa hits you with a +0 short sword.
You barely miss Duvessa.
Duvessa is lightly wounded.
Duvessa barely misses you.
A giant cockroach comes into view.
Duvessa hits you with a +0 short sword.
You barely miss Duvessa.
Duvessa is lightly wounded.
Duvessa hits you but does no damage. You block Duvessa's attack.
You hit Duvessa.
Duvessa is lightly wounded.
Duvessa hits you but does no damage. x2
You feel very mighty all of a sudden.
Duvessa hits you with a +0 short sword. x2
You slash Duvessa!
Duvessa is moderately wounded.
Duvessa hits you with a +0 short sword. Duvessa hits you with a +0 short sword!
* * * LOW HITPOINT WARNING * * *
You slash Duvessa!
Duvessa is heavily wounded.
Duvessa hits you with a +0 short sword!
* * * LOW HITPOINT WARNING * * *
You feel better. You block Duvessa's attack. x2
You feel better. Duvessa hits you with a +0 short sword!
* * * LOW HITPOINT WARNING * * *
You completely miss Duvessa.
Duvessa is heavily wounded.
Duvessa hits you with a +0 short sword.
* * * LOW HITPOINT WARNING * * *
Duvessa hits you with a +0 short sword!
* * * LOW HITPOINT WARNING * * *
It was a potion of ambrosia.
You are confused.
You feel invigorated. Duvessa misses you. Duvessa hits you but does no damage.
You bump into the rock wall.
Duvessa completely misses you.
You bump into the rock wall.
Duvessa closely misses you. Duvessa hits you with a +0 short sword!
You die...

#. ....# .##
... .. ...
.<... #.#.##
#..l. ..#e#
#.#@# #.#.#
##.#.#
#######..#.#
...........#
#######.####
#.#
#.#########
#.........#


You could see Duvessa (berserk, fast) and an iguana.

Vanquished Creatures
  Dowan (D:4)
  Crazy Yiuf (D:3)
  Jessica (D:3)
  Natasha (D:3)
  Robin (D:3)
  3 adders (D:2)
  2 worms
  A dart slug (D:1)
  An orc (D:3)
  4 endoplasms
  A giant cockroach (D:2)
  12 goblins
  10 hobgoblins
  6 jackals
  2 quokkas (D:2)
  6 ball pythons
  8 bats
  4 frilled lizards
  3 kobolds
  6 rats
74 creatures vanquished.

Notes
Turn   | Place    | Note
-------+----------+-------------------------------------------
     0 | D:1      | BigDaddyOpFi the Hill Orc Fighter began the quest for the
                  | Orb.
     0 | D:1      | Reached XP level 1. HP: 19/19 MP: 1/1
   170 | D:1      | Reached XP level 2. HP: 26/27 MP: 2/2
   619 | D:2      | Reached skill level 4 in Fighting
   621 | D:2      | Reached XP level 3. HP: 33/33 MP: 3/3
   867 | D:2      | Reached XP level 4. HP: 28/40 MP: 4/4
  1623 | D:3      | Noticed Robin
  1634 | D:3      | Killed Robin
  1774 | D:3      | Reached XP level 5. HP: 47/47 MP: 5/5
  1915 | D:3      | Noticed Natasha
  1919 | D:3      | Killed Natasha
  1988 | D:3      | Noticed Jessica
  1991 | D:3      | Killed Jessica
  2092 | D:3      | Found a runed translucent door.
  2093 | D:3      | Noticed Crazy Yiuf
  2362 | D:3      | Killed Crazy Yiuf
  2628 | D:4      | Noticed Dowan
  2637 | D:4      | Noticed Duvessa
  2638 | D:4      | Killed Dowan
  2639 | D:4      | Reached skill level 5 in Fighting
  2639 | D:4      | Reached XP level 6. HP: 35/56 MP: 6/6
  2646 | D:4      | HP: 2/56 [Duvessa/+0 short sword (12)]
  2652 | D:4      | Slain by Duvessa

Illustrated notes

Levels and vault maps discovered:
D:1:      lightli_arrival_maybe_door_vault, layout_loops_cross
D:2:      kennysheep_six_static_rooms, layout_basic, minmay_tetromino_i4
D:3:      layout_loops_ring, uniq_robin, uniq_jessica, uniq_natasha,
          uniq_crazy_yiuf_cottage
D:4:      layout_loops_ring, gammafunk_temple_overflow_wave, uniq_duvessa

Skill      XL: |  1  2  3  4  5 |
---------------+----------------+-----
Axes           | 3 4 |  4.7
Fighting       | 4 5 |  5.1
Armour         | 4 |  4.6
Shields        | 4 |  4.5

Action                     |  1- 3 |  4- 6 || total
---------------------------+-------+-------++-------
  Melee: War axe           |    89 |   125 ||   214
    Use: Scroll            |       |     6 ||     6
         Potion            |       |     5 ||     5
 Armour: Scale mail        |    41 |    55 ||    96
  Dodge: Dodged            |    43 |    47 ||    90
  Block: Buckler           |    27 |    38 ||    65

Table legend: (Time is in decaauts)
 A = Elapsed time spent in this place.
 B = Non-inter-level travel time spent in this place.
 C = Inter-level travel time spent in this place.
 D = Time resting spent in this place.
 E = Time spent auto-exploring this place.
 F = Levels seen in this place.
 G = Mean time per level.
                   A        B        C        D        E       F      G
               +--------+--------+--------+--------+--------+-----+--------+
         Total |   2737 |   2684 |     53 |     97 |   2087 |   4 |  684.2 |
       Dungeon |   2737 |   2684 |     53 |     97 |   2087 |   4 |  684.2 |
               +--------+--------+--------+--------+--------+-----+--------+

Top non-repeatable levels by time:
     D:3: 1013 daAuts
     D:2: 927 daAuts
     D:1: 629 daAuts
     D:4: 166 daAuts
